 Dungeon Crawl Stone Soup version 0.19.0-26-g9e9c210 (webtiles) character file.

915 Monsterracer the Firebug (level 7, 0/38 HPs)
             Began as a Deep Elf Fire Elementalist on Nov 23, 2016.
             Was an Initiate of Vehumet.
             Shot with an arrow by a centaur (8 damage)
             ... on level 5 of the Dungeon.
             The game lasted 00:17:36 (5632 turns).

Monsterracer the Firebug (DEFE)                     Turns: 5632, Time: 00:17:37

Health: 0/38       AC:  2    Str:  5    XL:     7   Next: 82%
Magic:  9/16       EV: 14    Int: 22    God:    Vehumet [......]
Gold:   253        SH:  0    Dex: 15    Spells: 4 memorised, 2 levels left

rFire  + . .     SeeInvis .     s - +3 dagger (protect)
rCold  x . .     Gourm    .     a - +0 robe
rNeg   . . .     Faith    .     (no shield)
rPois  .         Spirit   .     (no helmet)
rElec  .         Reflect  .     (no cloak)
rCorr  .         Harm     .     (no gloves)
MR     .....                    (no boots)
Stlth  +++.......               (no amulet)
                                n - ring of stealth
                                g - ring of fire

@: no status effects
A: no striking features
a: Renounce Religion


You were on level 5 of the Dungeon.
You worshipped Vehumet.
Vehumet was noncommittal.
You were very hungry.

You visited 2 branches of the dungeon, and saw 6 of its levels.

You collected 253 gold pieces.

Inventory:

Hand Weapons
 o - a +0 dagger of venom
 s - a +3 dagger of protection (weapon)
Armour
 a - a +0 robe (worn)
Jewellery
 g - a ring of fire (left hand)
 n - a ring of stealth (right hand)
Scrolls
 e - 4 scrolls of identify
 h - 3 scrolls of remove curse {unknown}
 i - a scroll of noise {unknown}
 j - a scroll of immolation {unknown}
 k - a scroll of fear {unknown}
 p - a scroll of enchant weapon {unknown}
Potions
 l - a potion of agility
 m - 3 potions of ambrosia
 t - a potion of haste
 u - a potion of curing
Books
 b - a book of Flames

   Spells                             Type                      Level
   a - Flame Tongue                   Conjuration/Fire             1
   b - Throw Flame                    Conjuration/Fire             2
   c - Conjure Flame                  Conjuration/Fire             3
   d - Inner Flame                    Hexes/Fire                   3
   e - Sticky Flame                   Conjuration/Fire             4
   f - Fireball                       Conjuration/Fire             5
Comestibles
 c - 2 bread rations
 d - 3 fruits
 f - 2 beef jerkies
 q - a slice of pizza
 r - 2 meat rations


   Skills:
 + Level 1.6 Fighting
 + Level 0.6 Short Blades
 + Level 3.4 Dodging
 - Level 2.4 Stealth
 + Level 4.6 Spellcasting
 * Level 6.3 Conjurations
 * Level 6.6 Fire Magic


You had 2 spell levels left.
You knew the following spells:

 Your Spells              Type           Power        Failure   Level  Hunger
a - Flame Tongue          Conj/Fire      #####        1%          1    None
b - Conjure Flame         Conj/Fire      ######..     1%          3    ##.....
c - Sticky Flame          Conj/Fire      ######..     10%         4    ####...
d - Fireball              Conj/Fire      ######....   21%         5    #####..


Dungeon Overview and Level Annotations

Branches:
Dungeon (5/15)             Temple (1/1) D:4

Altars:
Ashenzari
Dithmenos
Gozag
Hepliaklqana
Kikubaaqudgha
Nemelex Xobeh
Okawaru
Ru
Uskayaw
Vehumet
Xom
Yredelemnul
Zin
The Shining One


Message History

Casting: Fireball
Confirm with . or Enter, or press ? or * to list all spells.
Aiming: Flame Tongue
Press: ? - help, Shift-Dir - straight line, f/p - centaur
Aim: a centaur, wielding a shortbow (severely wounded)
You feel a surge of power!
The flame tongue hits the centaur.
The centaur is almost dead.
The centaur shoots an arrow.
The arrow hits you!
Casting: Flame Tongue
Confirm with . or Enter, or press ? or * to list all spells.
Aiming: Flame Tongue
Press: ? - help, Shift-Dir - straight line, f/p - centaur
Aim: a centaur, wielding a shortbow (almost dead)
You feel a surge of power!
The flame tongue hits the centaur.
The centaur appears unharmed.
The centaur is almost dead.
The centaur shoots an arrow.
The arrow hits you!
* * * LOW HITPOINT WARNING * * *
The centaur shoots an arrow.
The arrow hits you!
You die...

#.........# #.r.......#
#.c.......# ###
##.........# ..
..>........#
########............#
...)...#............#
######.#.#.# #@# #
#.#.#.# #.# # #.#.#.#
###.# # #.#.#.# #...#
######.#.#.# #...#
.........#.# #...#
######.#.#.#####.######
......................#
#####......######.###.#


You could see a centaur and a quokka.

Vanquished Creatures
  2 ice beasts (D:5)
  2 ogres
  A gnoll sergeant (D:5)
  A jelly (D:5)
  A crimson imp (D:5)
  A bullfrog skeleton (D:5)
  Ijyb (D:3)
  Natasha (thrice) (D:2)
  2 worker ants (D:4)
  11 gnolls
  4 adders
  A shadow imp (D:5)
  2 adder zombies (D:5)
  An adder skeleton (D:4)
  3 worms
  A dart slug (D:1)
  A leopard gecko (D:2)
  An orc (D:5)
  9 bats
  8 giant cockroaches
  8 goblins
  7 hobgoblins
  13 jackals
  9 kobolds
  9 frilled lizards
  10 rats
  2 toadstools (D:1)
114 creatures vanquished.

Vanquished Creatures (others)
  2 toadstools (D:1)
2 creatures vanquished.

Grand Total: 116 creatures vanquished

Notes
Turn   | Place    | Note
-------+----------+-------------------------------------------
     0 | D:1      | Monsterracer the Deep Elf Fire Elementalist began the quest for the Orb.
     0 | D:1      | Reached XP level 1. HP: 10/10 MP: 6/6
   232 | D:1      | Reached XP level 2. HP: 15/15 MP: 4/8
   808 | D:1      | Reached XP level 3. HP: 19/19 MP: 6/9
   838 | D:1      | Learned a level 3 spell: Conjure Flame
  1470 | D:2      | Found a shadowy altar of Dithmenos.
  1600 | D:2      | Noticed Natasha
  1605 | D:2      | Killed Natasha
  1605 | D:2      | Reached XP level 4. HP: 24/24 MP: 3/10
  1790 | D:2      | Found a shattered altar of Ashenzari.
  1856 | D:2      | Noticed Natasha
  1859 | D:2      | Killed Natasha
  1979 | D:2      | Noticed Natasha
  1983 | D:2      | Killed Natasha
  2053 | D:2      | Found an ancient bone altar of Kikubaaqudgha.
  2210 | D:2      | Reached skill level 5 in Fire Magic
  2353 | D:3      | Reached XP level 5. HP: 28/28 MP: 8/11
  2402 | D:3      | Learned a level 4 spell: Sticky Flame
  3023 | D:3      | Noticed Ijyb
  3028 | D:3      | Killed Ijyb
  3313 | D:4      | Found a hazy altar of Hepliaklqana.
  3339 | D:4      | Noticed an ogre
  3345 | D:4      | Killed an ogre
  3345 | D:4      | Reached XP level 6. HP: 32/32 MP: 6/13
  3618 | D:4      | Reached skill level 5 in Conjurations
  3788 | D:4      | Found a staircase to the Ecumenical Temple.
  3798 | Temple   | Entered the Ecumenical Temple
  3999 | Temple   | Became a worshipper of Vehumet
  4239 | D:5      | Entered Level 5 of the Dungeon
  4439 | D:5      | Found an iron altar of Okawaru.
  4679 | D:5      | Reached skill level 1 in Fighting
  4679 | D:5      | Reached XP level 7. HP: 29/38 MP: 1/14
  4821 | D:5      | Learned a level 5 spell: Fireball
  5632 | D:5      | Shot with an arrow by a centaur

Skill      XL: |  1  2  3  4  5  6  7 |
---------------+----------------------+-----
Conjurations   | 2 3 4 5 6 |  6.3
Fire Magic     | 4 5 6 |  6.6
Fighting       | 1 |  1.6
Dodging        | 3 |  3.4
Spellcasting   | 4 |  4.6
Short Blades   | |  0.6
Stealth        | |  2.4

Action                   |  1- 3 |  4- 6 |  7- 9 || total
-------------------------+-------+-------+-------++-------
Melee: Unarmed           |    13 |       |       ||    13
       Dagger            |     1 |    80 |    26 ||   107
 Cast: Flame Tongue      |    58 |   119 |    36 ||   213
       Conjure Flame     |     1 |     5 |     1 ||     7
       Sticky Flame      |       |     1 |       ||     1
       Fireball          |       |       |     4 ||     4
  Use: Potion            |     4 |     1 |     1 ||     6
       Scroll            |       |       |     1 ||     1
  Eat: Chunk             |     2 |    10 |     2 ||    14
       Fruit             |       |     1 |     1 ||     2
Armor: Robe              |     5 |    18 |     8 ||    31
Dodge: Dodged            |    13 |    68 |    22 ||   103
